AoeStats
← PABLICRAFT07

Arena

505706288Analyzed
4v4 RM · 22d ago on Sep 10, 2026· 39m 41s· 8 players
Game mode
Random Map
Map size
Large (8 player)
Population
200
Speed
Normal
Resources
Standard
Victory
Conquest
Starting age
Dark Age
Ending age
Imperial Age
RankedLock teamsTeams togetherTeam positionsShared explorationLock speedFull tech treeHidden civsTurbo modeCheats
Victory
Defeat
🇨🇳 Persians · China
855
+13
🇨🇱 Sicilians · Chile
826
+31
🇮🇩 Celts · Indonesia
811
+15
🇨🇳 Vietnamese · China
804
+15
🇨🇴 Turks · Colombia
801
-15
🇳🇱 Gurjaras · Netherlands
794
-15
🇧🇷 Persians · Brazil
768
-14
🇩🇪 Malay · Germany
762
-13
luhigy23
0:28 Loom
12:33 Feudal Age
14:01 Double-Bit Axe
15:15 Wheelbarrow
14:31 Horse Collar
18:06 Castle Age
19:06 Hand Cart
nosound
0:45 Loom
0:49 Loom
10:53 Feudal Age
10:30 Double-Bit Axe
11:37 Town Watch
11:55 Horse Collar
12:33 Gold Mining
13:14 Stone Mining
17:47 Wheelbarrow
22:50 Castle Age
22:09 Forging
22:55 Heavy Plow
23:09 Bow Saw
24:31 Hand Cart
27:06 Gold Shaft Mining
28:41 Town Patrol
33:11 Iron Casting
36:40 Caravan
40:39 Imperial Age
38:50 Scale Barding Armor
41:11 Blast Furnace
Gustavo
0:26 Loom
12:10 Feudal Age
16:30 Castle Age
15:12 Horse Collar
15:17 Double-Bit Axe
15:25 Double-Bit Axe
20:24 Wheelbarrow
20:42 Pikeman
27:03 Gold Mining
27:03 Stone Mining
bat_red
7:05 Loom
13:16 Feudal Age
13:30 Man-at-Arms
15:49 Loom
17:03 Fletching
18:46 Horse Collar
21:04 Double-Bit Axe
27:09 Town Watch
30:07 Castle Age
29:08 Scale Barding Armor
29:14 Forging
30:32 Wheelbarrow
30:49 Bloodlines
30:55 Bodkin Arrow
31:06 Husbandry
31:58 Heavy Plow
33:02 Iron Casting
33:50 Fortified Wall
33:37 Murder Holes
34:04 Bow Saw
34:48 Stone Mining
34:48 Gold Mining
35:53 Chain Barding Armor
37:26 Masonry
37:52 Ballistics
PABLICRAFT07
6:43 Loom
9:39 Feudal Age
10:19 Double-Bit Axe
13:04 Town Watch
25:03 Horse Collar
30:49 Castle Age
29:13 Fletching
29:26 Gold Mining
32:29 Wheelbarrow
32:43 Padded Archer Armor
32:42 Bodkin Arrow
33:05 Bow Saw
34:32 Forging
35:04 Hand Cart
34:50 Town Patrol
34:31 Pikeman
LlL
11:39 Feudal Age
15:27 Castle Age
14:13 Stone Mining
14:49 Double-Bit Axe
18:00 Wheelbarrow
23:13 Fletching
29:31 Hand Cart
32:36 Stone Shaft Mining
32:37 Bow Saw
32:10 Horse Collar
33:13 Loom
33:14 Town Watch
35:10 Gold Mining
35:57 Heavy Plow
36:08 Town Patrol
37:08 Padded Archer Armor
37:04 Bodkin Arrow
38:01 Treadmill Crane
oos
0:29 Loom
10:37 Feudal Age
12:03 Wheelbarrow
12:14 Double-Bit Axe
12:12 Horse Collar
16:34 Gold Mining
16:36 Stone Mining
22:55 Castle Age
22:55 Padded Archer Armor
24:10 Bow Saw
24:06 Arson
30:09 Heavy Plow
30:40 Stronghold
31:19 Hand Cart
33:30 Stone Shaft Mining
33:31 Gold Shaft Mining
33:22 Treadmill Crane
33:52 Masonry
34:04 Ballistics
40:46 Imperial Age
39:33 Forging
39:23 Scale Mail Armor
39:39 Leather Archer Armor
始于情深
10:53 Feudal Age
11:12 Double-Bit Axe
11:10 Horse Collar
12:56 Wheelbarrow
16:57 Castle Age
20:25 Gold Mining
20:25 Stone Mining
20:43 Stone Mining
23:52 Bow Saw
26:06 Gold Mining
29:19 Gold Shaft Mining
29:19 Stone Shaft Mining
32:06 Imperial Age
32:17 Elite War Elephant
33:56 Conscription
33:54 Heavy Plow
34:15 Hand Cart
34:55 Forging
34:51 Scale Barding Armor
38:24 Iron Casting
38:09 Chain Barding Armor
38:26 Town Watch
38:26 Loom
Connection lost

Rejoining the realm…

Still unreachable

The connection could not be restored.

Session expired

The server has moved on; the page needs a fresh start.